 Dungeon Crawl Stone Soup version 0.28-a0-1624-g820543e53a (webtiles) character file.

Game seed: 199022060150292966

18 cheechan the Charlatan (level 2, -1/12 HPs)
             Began as a Felid Artificer on Jan 22, 2022.
             Slain by a ball python (2 damage)
             ... on level 1 of the Dungeon on Jan 23, 2022.
             The game lasted 00:04:49 (897 turns).

cheechan the Charlatan (Felid Artificer)             Turns: 897, Time: 00:04:50

Health: -1/12      AC:  1    Str:  8    XL:     2   Next: 48%
Magic:  3/3        EV: 15    Int: 12    God:
Gold:   7          SH:  0    Dex: 16    Spells: 1/1 levels left
                                        Lives:  0   Deaths: 0

rFire   . . .      SeeInvis +   (weapon unavailable)
rCold   . . .      Faith    .   (shield unavailable)
rNeg    . . .      Spirit   .   (armour unavailable)
rPois   .          Reflect  .   (helmet unavailable)
rElec   .          Harm     .   (cloak unavailable)
rCorr   .          Rampage  .   (gloves unavailable)
Will    .....                   (boots unavailable)
Stlth   ++........              (no amulet)
HPRegen 0.04/turn               (no ring)
MPRegen 0.08/turn               (no ring)

@: constricted, quick
A: very small, claws 1, fangs 3, see invisible, speed 1, shaggy fur 1, stealthy
paws, no weapons or thrown items, no armour, multi-lived
a: no special abilities


You were on level 1 of the Dungeon.
You visited 1 branch of the dungeon, and saw 1 of its levels.

You collected 7 gold pieces.

Inventory:

Missiles
 e - 48 stones
Wands
 a - a wand of flame (5) (quivered)
 b - a wand of charming (15)
Scrolls
 f - a scroll of identify
Potions
 h - a potion of brilliance
Miscellaneous
 c - a piece from Xom's chessboard (15/15)


   Skills:
 + Level 1.0 Fighting
 + Level 3.7 Dodging
 + Level 1.3 Stealth
 + Level 0.1 Unarmed Combat
 + Level 3.9 Evocations


You had one spell level left.
You didn't know any spells.
Your spell library contained the following spells:

 Spells                   Type           Power      Damage    Failure   Level
 Sandblast                Erth           0%         2d4       32%         1
 Passwall                 Tmut/Erth      0%         N/A       45%         2
 Stone Arrow              Conj/Erth      0%         3d7       69%         3


Dungeon Overview and Level Annotations

Branches:
Dungeon (1/15)

Altars:


Innate Abilities, Weirdness & Mutations

You have sharp claws.
You have razor-sharp teeth.
You have supernaturally acute eyesight. (SInv)
You cover ground quickly. (Speed+)
You are covered in fur. (AC +1)
Your paws help you pounce on unaware monsters.
You are incapable of wielding weapons or throwing items.
You cannot wear armour.
You gain extra lives every three experience levels.


Message History

Moving in this stuff is going to be slow.
The hobgoblin barely misses you.
You closely miss the hobgoblin.
You bite the hobgoblin, but do no damage.
The hobgoblin hits you.
* * * LOW HITPOINT WARNING * * *
Your unstable footing causes you to fumble your attack.
The hobgoblin misses you.
You scratch the hobgoblin but do no damage.
The hobgoblin hits you but does no damage.
Aiming: Throw Flame
Press: ? - help, Q - select action, (/) - cycle Shift-Dir - straight line, f - hobgoblin
Aim: a hobgoblin (71% to hit)
The puff of flame hits the hobgoblin.
You kill the hobgoblin!
Unknown command.
You enter the shallow water.
Moving in this stuff is going to be slow.
As you open the door, it creaks loudly!
There is an open door here.
A ball python comes into view.
Found an escape hatch in the floor.
The ball python hisses angrily.
You scratch the ball python but do no damage.
The ball python bites you but does no damage.
The ball python completely misses you. The ball python closely misses you.
The ball python barely misses you.
You barely miss the ball python. The ball python misses you.
The ball python grabs you. The ball python constricts you.
* * * LOW HITPOINT WARNING * * *
You scratch the ball python but do no damage.
The ball python closely misses you. The ball python constricts you.
* * * LOW HITPOINT WARNING * * *
You barely miss the ball python.
You bite the ball python, but do no damage.
The ball python closely misses you. The ball python constricts you.
* * * LOW HITPOINT WARNING * * *
You closely miss the ball python. Your claw misses the ball python.
The ball python bites you.
You die...

#.......#### #...§§..#
######### #.......#
....... ..........#
....... ......######
####### .####.
#####+##### #....#....#
######>#..≈≈#≈≈..#
#.@S..##....#....#
#.####.#....#†...# #.#
#.≈†≈_≈≈≈[#
#######.######....#....#
.............#....#....#
############.#..≈≈#≈≈..#
#.#....#....#
#.#####'##### #.......#


You could see a ball python.

Vanquished Creatures
  A dart slug (D:1)
  2 endoplasms (D:1)
  A goblin (D:1)
  3 hobgoblins (D:1)
  3 ball pythons (D:1)
  A frilled lizard (D:1)
  3 kobolds (D:1)
  A rat (D:1)
15 creatures vanquished.

Notes
Turn   | Place    | Note
-------+----------+-------------------------------------------
     0 | D:1      | cheechan the Felid Artificer began the quest for the Orb.
     0 | D:1      | Reached XP level 1. HP: 9/9 MP: 2/2
   390 | D:1      | Upgraded the game from 0.28-a0-1616-g050a50673c to
                  | 0.28-a0-1624-g820543e53a
   452 | D:1      | Reached XP level 2. HP: 9/12 MP: 3/3
   852 | D:1      | Found a faded altar of an unknown god.
   897 | D:1      | Slain by a ball python

Illustrated notes

Levels and vault maps discovered:
D:1:      dpeg_arrival_circle_labyrinth_a, layout_loops_ring,
          shapermc_ecumenical_altar_notcrosses

Action                   || total
-------------------------++-------
Melee: Unarmed           ||    36
       Bite              ||     4
Evoke: Wand              ||    10
  Use: Scroll            ||     3
Armor: Skin              ||     2
Dodge: Dodged            ||    28

Table legend: (Time is in decaauts)
 A = Elapsed time spent in this place.
 B = Non-inter-level travel time spent in this place.
 C = Inter-level travel time spent in this place.
 D = Time resting spent in this place.
 E = Time spent auto-exploring this place.
 F = Levels seen in this place.
 G = Mean time per level.
                   A        B        C        D        E       F      G
               +--------+--------+--------+--------+--------+-----+--------+
         Total |    777 |    773 |      4 |    224 |      0 |   1 |  777.0 |
       Dungeon |    777 |    773 |      4 |    224 |      0 |   1 |  777.0 |
               +--------+--------+--------+--------+--------+-----+--------+

Top non-repeatable levels by time:
     D:1: 777 daAuts
